 Dungeon Crawl Stone Soup version 0.25-a0-316-gd28d56f9c5 (webtiles) character file.

Game seed: 236662125782859628, levelgen mode: deterministic

186 Glalom the Sneak (level 5, 0/26 HPs)
             Began as a Vine Stalker Assassin on Dec 24, 2019.
             Slain by a howler monkey (3 damage)
             ... on level 5 of the Dungeon.
             The game lasted 00:07:39 (2457 turns).

Glalom the Sneak (Vine Stalker Assassin)            Turns: 2457, Time: 00:07:40

Health: 0/26       AC:  4    Str: 13    XL:     5   Next: 66%
Magic:  0/6        EV: 11    Int: 11    God:
Gold:   46         SH:  0    Dex: 17    Spells: 4/4 levels left

rFire    . . .     SeeInvis .   q - +2 dagger (venom)
rCold    . . .     Gourm    .   (no shield)
rNeg     . . .     Faith    .   k - +0 leather armour
rPois    .         Spirit   +   (no helmet)
rElec    .         Reflect  .   c - +0 cloak
rCorr    .         Harm     .   (no gloves)
MR       .....                  (no boots)
Stlth    +++.......             (no amulet)
HPRegen  0.48/turn              (no ring)
MPRegen  0.10/turn              (no ring)

@: no status effects
A: fangs 2, regeneration 1, magic shield, antimagic bite, no potion heal 3, rot
immunity
a: no special abilities


You were on level 5 of the Dungeon.
You were near starving.

You visited 1 branch of the dungeon, and saw 4 of its levels.

You collected 46 gold pieces.

Inventory:

Hand Weapons
 a - a +2 dagger
 q - a +2 dagger of venom (weapon)
Missiles
 d - 8 poisoned darts (quivered)
 e - 2 curare-tipped darts
 j - 5 datura-tipped darts
Armour
 b - a +0 robe
 c - a +0 cloak (worn)
 k - a +0 leather armour (worn)
Wands
 r - a wand of acid (7)
Scrolls
 g - 6 scrolls of identify {unknown}
 h - 4 scrolls of teleportation {unknown}
 i - a scroll of remove curse {unknown}
 m - a scroll of enchant weapon {unknown}
 n - a scroll of fog {unknown}
 p - 2 scrolls of random uselessness {unknown}
Potions
 l - a potion of brilliance {unknown}
 o - a potion of curing {unknown}
Comestibles
 f - 3 rations


   Skills:
 - Level 1.7 Fighting
 - Level 5.0 Short Blades
 - Level 1.7 Throwing
 - Level 0.7 Dodging
 + Level 5.2 Stealth


You had 4 spell levels left.
You didn't know any spells.
Your spell library was empty.

Dungeon Overview and Level Annotations

Branches:
Dungeon (3/15)

Altars:
Qazlal
Sif Muna
Yredelemnul


Innate Abilities, Weirdness & Mutations

You have extremely sharp teeth.
Your natural rate of healing is unusually fast.
When hurt, damage is shared between your health and your magic reserves.
Your bite disrupts and absorbs the magic of your enemies.
Potions cannot restore your health.
You are immune to rotting.


Message History

The iguana is heavily wounded.
The iguana bites you! The howler monkey hits you!
You barely miss the iguana.
The iguana is heavily wounded.
The iguana barely misses you. The howler monkey closely misses you.
You hit the iguana.
The iguana looks as sick as possible!
The iguana is severely wounded.
The hungry ghost hits you.
You are feeling very hungry.
The howler monkey hits you but does no damage.
The iguana bites you.
* * * LOW HITPOINT WARNING * * *
You closely miss the iguana. Your bite misses the iguana.
The iguana is almost dead.
The worker ant bites you but does no damage.
The hungry ghost hits you.
* * * LOW HITPOINT WARNING * * *
You are near starving!
The howler monkey hits you.
You die...

...#/......###........##.#
........#####.......>.....
........## #.....###...#.
.........#####....##...#..
...........##..........##.
.....................#.###
.....................#
##....#..W..........#...#
.[...#.!.@......$...##...
..!.##..hla........(.#.##
.###...................
##.......##.........
#.......###.#......
......... ..#......
.....###... ##.... ....


You could see a hungry ghost, a howler monkey, an iguana and a worker ant.

Vanquished Creatures
  An orc wizard (D:3)
  Ijyb (D:5)
  2 worker ants (D:5)
  2 adders
  9 dart slugs
  2 leopard geckos (D:1)
  A giant cockroach (D:2)
  6 goblins
  5 hobgoblins
  4 jackals (D:1)
  5 kobolds
  2 bats
  5 frilled lizards
  5 rats
50 creatures vanquished.

Notes
Turn   | Place    | Note
-------+----------+-------------------------------------------
     0 | D:1      | Glalom the Vine Stalker Assassin began the quest for the
                  | Orb.
     0 | D:1      | Reached XP level 1. HP: 11/11 MP: 2/2
    34 | D:1      | Reached XP level 2. HP: 6/15 MP: 0/3
   452 | D:1      | Reached XP level 3. HP: 18/18 MP: 4/4
  1214 | D:2      | Found a basalt altar of Yredelemnul.
  1288 | D:2      | Gained mutation: Your natural rate of healing is unusually
                  | fast. [Vine Stalker growth]
  1288 | D:2      | Reached XP level 4. HP: 14/23 MP: 2/5
  2256 | D:3      | Found a stormy altar of Qazlal.
  2292 | D:3      | Found a shimmering blue altar of Sif Muna.
  2342 | D:3      | You fall into a shaft and drop 2 floors!
  2342 | D:5      | Entered Level 5 of the Dungeon
  2343 | D:5      | Noticed Ijyb
  2345 | D:5      | Killed Ijyb
  2345 | D:5      | Reached XP level 5. HP: 26/26 MP: 6/6
  2401 | D:5      | Reached skill level 5 in Short Blades
  2418 | D:5      | Reached skill level 5 in Stealth
  2430 | D:5      | Noticed a hungry ghost
  2457 | D:5      | Slain by a howler monkey

Levels and vault maps discovered:
D:1:      mrwooster_arrival_statue, layout_basic
D:2:      layout_loops_corners, lemuel_doored_altar
D:3:      layout_basic, lemuel_coloured_pillars_altar, chequers_jeans, tgw_sif
D:5:      layout_cave_pools, nicolae_ru_great_annihilating_truth,
          temple_statues, uniq_ijyb

Skill      XL: |  1  2  3  4  5 |
---------------+----------------+-----
Short Blades   | 2 3 4 5 |  5.0
Stealth        | 5 |  5.2
Fighting       | |  1.7
Throwing       | |  1.7
Dodging        | |  0.7

Action                   |  1- 3 |  4- 6 || total
-------------------------+-------+-------++-------
Melee: Dagger            |    83 |    47 ||   130
       Bite              |    17 |    10 ||    27
 Stab: Sleeping          |     7 |    10 ||    17
       Distracted        |     1 |       ||     1
  Eat: Chunk             |     1 |     3 ||     4
Armor: Robe              |     7 |       ||     7
       Leather armour    |       |    12 ||    12
Dodge: Dodged            |    32 |    23 ||    55

Table legend:
 A = Non-vault XP
 B = Vault XP
 C = Vault XP percentage of total XP
 D = Non-vault monster count
 E = Vault monster count
 F = Vault count percentage of total count
                 A         B        C        D         E       F
            +---------+---------+-------+---------+---------+-------
      Total |     189 |      78 |  29.2 |      48 |       2 |   4.0
            +---------+---------+-------+---------+---------+-------
        D:1 |      63 |       0 |   0.0 |      26 |       0 |   0.0
        D:2 |      35 |       0 |   0.0 |      15 |       0 |   0.0
        D:3 |      22 |      40 |  64.5 |       5 |       1 |  16.7
        D:5 |      69 |      38 |  35.5 |       2 |       1 |  33.3
            +---------+---------+-------+---------+---------+-------
